 Dungeon Crawl Stone Soup version 0.18-a0-1088-g34ef3a2 (webtiles) character file.

2 ater218 the Grave Robber (level 1, 0/13 HPs)
             Began as a Mummy Necromancer on Jan 15, 2016.
             Slain by a jackal (1 damage)
             ... on level 1 of the Dungeon.
             The game lasted 00:00:57 (94 turns).

ater218 the Grave Robber (Mummy Necromancer)          Turns: 94, Time: 00:00:57

Health: 0/13       AC:  2    Str: 11    XL:     1   Next: 33%
Magic:  0/3        EV: 12    Int: 14    God:
Gold:   36         SH:  0    Dex: 12    Spells: 2 memorised, 2 levels left

rFire  x . .     SeeInvis .     (no weapon)
rCold  + . .     Gourm    .     a - +0 robe
rNeg   + + +     Faith    .     (no shield)
rPois  ∞         Spirit   .     (no helmet)
rElec  .         Dismiss  .     (no cloak)
rCorr  .         Reflect  .     (no gloves)
SustAt .         Harm     .     (no boots)
MR     .....                    (no amulet)
Stlth  ++........               (no ring)
                                (no ring)

@: not resistant to hostile enchantments, unstealthy
A: no food or potions, fire vulnerability, cold resistance 1, negative energy
resistance 3, torment resistance, unbreathing
a: no special abilities


You were on level 1 of the Dungeon.
You were not hungry.

You visited 1 branch of the dungeon, and saw 1 of its levels.

You collected 36 gold pieces.

Inventory:

Armour
 a - a +0 robe (worn)
Scrolls
 c - 2 scrolls of identify {unknown}
 d - a scroll of magic mapping {unknown}
Books
 b - a book of Necromancy

   Spells                             Type                      Level
   a - Pain                           Necromancy                   1
   b - Animate Skeleton               Necromancy                   1
   c - Vampiric Draining              Necromancy                   3
   d - Regeneration                   Charms/Necromancy            3
   e - Animate Dead                   Necromancy                   4
   f - Control Undead                 Necromancy                   4


   Skills:
 + Level 1.5 Dodging
 + Level 1.5 Stealth
 + Level 2.0 Spellcasting
 + Level 4.1 Necromancy


You had 2 spell levels left.
You knew the following spells:

 Your Spells              Type           Power        Failure   Level  Hunger
a - Pain                  Necr           ##..         4%          1    N/A
b - Animate Skeleton      Necr           N/A          4%          1    N/A

Dungeon Overview and Level Annotations

Branches:
Dungeon (1/15)

Altars:


Innate Abilities, Weirdness & Mutations

You do not eat or drink.
Your flesh is vulnerable to fire.
You are immune to poison.
Your flesh is cold resistant.
You are immune to negative energy.
You are immune to unholy pain and torment.
You can survive without breathing.


Message History

The jackal barely misses you.
You hit the jackal.
You kill the jackal!
The jackal barely misses you.
The jackal bites you but does no damage.
The jackal bites you.
* * * LOW HITPOINT WARNING * * *
The jackal misses you. The jackal bites you.
* * * LOW HITPOINT WARNING * * *
The jackal barely misses you.
Things that are here:
a jackal corpse x2
Casting: Pain
Confirm with . or Enter, or press ? or * to list all spells.
You don't have enough magic to cast that spell.
There are monsters nearby!
The jackal closely misses you. x2
The jackal bites you but does no damage.
The jackal bites you.
You die...

######### #........ .#
#........ ..## #........
..$ ####### #.[....$.
###>###.....###@h..$...
................h......
###....................
###.................(
######.........#........
#....#.........#........
..#............#########
....##.........#
######........)#


You could see 2 jackals.

Vanquished Creatures
  2 jackals (D:1)
2 creatures vanquished.

Notes
Turn   | Place    | Note
--------------------------------------------------------------
     0 | D:1      | ater218 the Mummy Necromancer began the quest for the Orb.
     0 | D:1      | Reached XP level 1. HP: 13/13 MP: 3/3
     0 | D:1      | Noticed a large abomination
     0 | D:1      | Noticed an iron dragon
     1 | D:1      | Noticed an iron dragon
     1 | D:1      | Noticed an ice dragon
     5 | D:1      | Learned a level 1 spell: Animate Skeleton
     5 | D:1      | Noticed a shadow dragon
     5 | D:1      | Noticed a large abomination
     7 | D:1      | Noticed an iron dragon
     9 | D:1      | Noticed an orb of fire
    10 | D:1      | Noticed a large abomination
    12 | D:1      | Noticed a large abomination
    12 | D:1      | Noticed a large abomination
    14 | D:1      | Noticed an iron dragon
    14 | D:1      | Noticed a shadow dragon
    16 | D:1      | Noticed an ice dragon
    16 | D:1      | Noticed a mottled draconian
    19 | D:1      | Noticed an ice dragon
    21 | D:1      | Noticed a large abomination
    21 | D:1      | Noticed an ice dragon
    23 | D:1      | Noticed a large abomination
    94 | D:1      | Slain by a jackal

Vault maps used:
D:1:      shiori_arrival_whats_in_store_for_you

Action                   || total
-------------------------++-------
Melee: Unarmed           ||     3
 Cast: Pain              ||     3
